 Dungeon Crawl Stone Soup version 0.16-a0-3253-g5709529 (webtiles) character file.

151 KaKa the Shooter (level 5, -2/40 (41) HPs)
             Began as a Ghoul Hunter on Dec 23, 2014.
             Killed from afar by Sigmund (6 damage)
             ... with a magic dart
             ... on level 3 of the Dungeon.
             The game lasted 00:13:14 (2431 turns).

KaKa the Shooter (Ghoul Hunter)                     Turns: 2431, Time: 00:13:15

HP:   -2/40 (41)    AC:  6    Str: 16    XL:     5   Next: 33%
MP:   4/4           EV: 11    Int:  6    God:
Gold: 78            SH:  0    Dex: 10    Spells: 0 memorised, 4 levels left

rFire  . . .     SeeInvis .     b - +1 shortbow
rCold  + . .     Clarity  .     l - +0 ring mail
rNeg   + + +     SustAb   .     (no shield)
rPois  ∞         Gourm    .     s - +0 helmet
rElec  .         Spirit   .     (no cloak)
rCorr  .         Warding  .     (no gloves)
rMut   .         Stasis   .     (no boots)
MR     .....                    (no amulet)
Stlth  +.........               (no ring)
                                (no ring)

@: very slightly contaminated, rotting, hasted, very quick, not resistant to
hostile enchantments, very unstealthy
A: rotting body, claws 1, carnivore 3, cold resistance 1, negative energy
resistance 3, poison resistance, slow healing 1, torment resistance, unbreathing
a: no special abilities


You were on level 3 of the Dungeon.
You were not hungry.

You visited 1 branch of the dungeon, and saw 3 of its levels.

You collected 78 gold pieces.

Inventory:

Hand weapons
 b - a +1 shortbow (weapon)
Missiles
 c - 53 arrows (quivered)
Armour
 k - a cursed +0 leather armour
 l - a +0 ring mail (worn)
 p - a +0 plate armour
 s - a +0 helmet (worn)
Jewellery
 u - an uncursed ring of magical power {unknown}
Scrolls
 a - a scroll of enchant weapon {unknown}
 e - a scroll of enchant armour {unknown}
 g - a scroll of immolation {unknown}
 i - a scroll of noise {unknown}
 m - 2 scrolls of teleportation {unknown}
 n - 3 scrolls of remove curse {unknown}
 o - a scroll of recharging {unknown}
 q - 3 scrolls of identify {unknown}
Potions
 t - a potion of poison
 v - a potion of lignification
Comestibles
 d - a slice of pizza


   Skills:
 - Level 2.1 Fighting
 * Level 5.0 Bows
 - Level 1.7 Dodging
 - Level 1.1 Stealth
 + Level 3.4 Unarmed Combat


You had 4 spell levels left.
You didn't know any spells.

Dungeon Overview and Level Annotations

Branches:
Dungeon (3/15)

Altars:
Qazlal

Annotations:
D:3 Sigmund


Innate Abilities, Weirdness & Mutations

Your body is rotting away.
You thrive on raw meat.
You have sharp fingernails.
You are carnivorous and can eat meat at any time.
Your flesh is cold resistant.
You are immune to negative energy.
Your system is resistant to poisons.
You heal slowly when monsters are visible.
You are immune to unholy pain and torment.
You can survive without breathing.


Message History

You hear some strange, mumbled words.
You are confused.
You bump into the rock wall.
Something hits you!
You bump into the rock wall.
You're too confused to move!
Something hits you but does no damage.
You're too confused to move!
Something hits you.
* * * LOW HITPOINT WARNING * * *
You're too confused to move!
You bump into the rock wall.
Something hits you.
* * * LOW HITPOINT WARNING * * *
Drink which item? (? for menu, Esc to quit)
It was a potion of haste.
You feel yourself speed up.
You feel less confused.
You hear some strange, mumbled words.
The puff of flame misses you.
You are very lightly contaminated with residual magic.
Drink which item? (? for menu, Esc to quit)
It was a potion of magic.
Magic courses through your body. The magic dart hits you!
You die...

.............................
........................>#^#≈
..................##.##.#..#
.................##.##.#..#
................##.##.##^≈
...............##.##'####
####........)...........
#..................##
####@###.....).....# #.#
#.....<.....# .###########
#.# #...........#
((..((.....## #{#
#...........# (#########..#
#.# ############# ##.## #.#
#..# #.# ########'###.#
..........##.#


There were no monsters in sight!

Vanquished Creatures
  A worker ant (D:3)
  4 gnolls
  5 adders (D:2)
  An ooze (D:2)
  3 hobgoblins (D:1)
  4 jackals
  2 ball pythons
  8 bats
  4 giant cockroaches
  2 giant newts
  10 goblins
  3 kobolds
  6 rats
53 creatures vanquished.

Notes
Turn   | Place    | Note
--------------------------------------------------------------
     0 | D:1      | KaKa, the Ghoul Hunter, began the quest for the Orb.
     0 | D:1      | Reached XP level 1. HP: 17/17 MP: 1/1
   173 | D:1      | Reached skill level 1 in Unarmed Combat
   228 | D:1      | Reached XP level 2. HP: 14/24 MP: 2/2
   790 | D:1      | Reached skill level 4 in Bows
   790 | D:1      | Reached XP level 3. HP: 24/29 MP: 3/3
  1276 | D:2      | Reached XP level 4. HP: 34/36 MP: 3/3
  1855 | D:2      | Reached XP level 5. HP: 18/41 MP: 4/4
  2203 | D:3      | Found a stormy altar of Qazlal.
  2274 | D:3      | Reached skill level 5 in Bows
  2369 | D:3      | Noticed Sigmund
  2431 | D:3      | Killed from afar by Sigmund

Action                   |  1- 3 |  4- 6 || total
-------------------------+-------+-------++-------
Melee: Unarmed           |   103 |   100 ||   203
 Fire: Shortbow          |    20 |    21 ||    41
  Use: Potion            |       |     6 ||     6
 Stab: Sleeping          |     1 |       ||     1
  Eat: Chunk             |     9 |     6 ||    15
